 Dungeon Sprint DCSS version 0.21-a0-104-g7b58145 (webtiles) character file.

980 Kidiri the Martial Artist (level 7, 0/63 HPs)
             Began as a Yellow Draconian Transmuter on July 5, 2017.
             Was a High Priest of Wu Jian.
             Slain by a two-headed ogre
             ... wielding a +0 giant club
              (12 damage)
             ... in the Dungeon (Sprint VII: "The Pits").
             The game lasted 00:02:54 (827 turns).

Kidiri the Martial Artist (DrTm)                     Turns: 827, Time: 00:02:55

Health: 0/63       AC:  2    Str: 13    XL:     7   Next: 96%
Magic:  11/18      EV: 26    Int: 13    God:    Wu Jian [*****.]
Gold:   0          SH:  0    Dex: 18    Spells: 6/21 levels left

rFire    . . .     SeeInvis .     - Unarmed
rCold    . . .     Gourm    .   (shield currently unavailable)
rNeg     . . .     Faith    .   (armour unavailable)
rPois    x         Spirit   .   (helmet currently unavailable)
rElec    .         Reflect  .   (cloak currently unavailable)
rCorr    .         Harm     .   (gloves currently unavailable)
MR       .....     NoTele   +   (boots currently unavailable)
Stlth    +++.......             (no amulet)
HPRegen  0.20/turn              (no ring)
MPRegen  0.16/turn              (no ring)

@: spider-form
A: (spit acid), (acid resistance), unfitting armour, AC +6
a: End Transformation, Serpent's Lash, Heavenly Storm, Renounce Religion


You were in the Dungeon.
You worshipped Wu Jian.
Wu Jian was extremely pleased with you.
You were hungry.
You were a venomous arachnid creature.
You visited 1 branch

Inventory:

Missiles
 a - 12 arrows
Scrolls
 i - a scroll of blinking
 l - 3 scrolls of remove curse
 m - 5 scrolls of amnesia
 n - a scroll of summoning
Potions
 d - 6 potions of curing
 e - 4 potions of heal wounds
 f - a potion of haste
 g - 4 potions of magic
 h - 3 potions of berserk rage
 k - 2 potions of invisibility
Books
 b - a book of Changes

   Spells                             Type                      Level
   a - Beastly Appendage              Transmutation                1
   b - Sticks to Snakes               Transmutation                2
   c - Spider Form                    Transmutation/Poison         3
   d - Ice Form                       Ice/Transmutation            4
   e - Blade Hands                    Transmutation                5
Comestibles
 c - 8 bread rations
 o - 40 fruits
 p - 7 meat rations


   Skills:
 + Level 6.0 Fighting
 * Level 7.3 Dodging
 + Level 5.3 Stealth
 * Level 8.3 Unarmed Combat
 * Level 7.6 Spellcasting
 + Level 5.9 Transmutations
 + Level 3.5 Ice Magic
 + Level 3.6 Poison Magic


You had 6 spell levels left.
You knew the following spells:

 Your Spells              Type           Power        Failure   Level  Hunger
a - Beastly Appendage     Tmut           ###...       6%          1    None
b - Sticks to Snakes      Tmut           ###.....     8%          2    #......
c - Spider Form           Tmut/Pois      ###.......   17%         3    ##.....
d - Ice Form              Ice/Tmut       ###.....     41%         4    ####...
e - Blade Hands           Tmut           ###.......   56%         5    ######.


Dungeon Overview and Level Annotations

Branches:
Dungeon (1/1)

Altars:
Ashenzari
Cheibriados
Dithmenos
Elyvilon
Fedhas
Gozag
Hepliaklqana
Kikubaaqudgha
Makhleb
Nemelex Xobeh
Okawaru
Qazlal
Ru
Sif Muna
Trog
Uskayaw
Vehumet
Wu Jian
Xom
Yredelemnul
Zin
The Shining One
Beogh
Jiyva
Lugonu


Innate Abilities, Weirdness & Mutations

((You can spit globs of acid.))
((You are resistant to acid.))
((Your golden yellow scales are hard. (AC +6)))
You cannot fit into any form of body armour.
((You are cold-blooded and may be slowed by cold attacks.))


Message History

The two-headed ogre hits you with a giant club!!
* * * LOW HITPOINT WARNING * * *
Unknown command.
Casting: Blade Hands
Confirm with . or Enter, or press ? or * to list all spells.
Okay, then.
You feel much better.
Unknown command.
Casting: Blade Hands
Confirm with . or Enter, or press ? or * to list all spells.
You turn into a venomous arachnid creature.
The two-headed ogre barely misses you.
The two-headed ogre hits you with a giant club!!
* * * LOW HITPOINT WARNING * * *
Unknown command.
You hit the two-headed ogre but do no damage.
The two-headed ogre is poisoned.
The two-headed ogre is almost dead.
The two-headed ogre hits you with a giant club!
You die...

#.##+#..#+###...<...#
#.#().)....##.......#
#.#.)......##.......#
#'###########.......#
#.......# #########
#..###..# #.......#
##)###.##+#
#.......#s+
#..###..#O#
#.......')#
###########


You could see a two-headed ogre.

Vanquished Creatures
  A deep elf mage (D)
  2 floating eyes (D)
  A black bear (D)
  A necrophage (D)
  An ogre (D)
  A gnoll shaman (D)
  7 gnolls (D)
  A worm (D)
  A bat (D)
  A bat zombie (D)
  A hobgoblin (D)
  3 jackals (D)
  A quokka (D)
  A kobold (D)
  A rat (D)
24 creatures vanquished.

Notes
Turn   | Place    | Note
-------+----------+-------------------------------------------
     0 | D        | Kidiri the Draconian Transmuter began the quest for the Orb.
     0 | D        | Reached XP level 1. HP: 16/16 MP: 3/3
    20 | D        | Reached XP level 2. HP: 20/24 MP: 2/5
    27 | D        | Learned a level 2 spell: Sticks to Snakes
    54 | D        | Found a bloodstained altar of Trog.
    54 | D        | Found a deep blue altar of Sif Muna.
    54 | D        | Found a viscous altar of Jiyva.
    54 | D        | Found a hazy altar of Hepliaklqana.
    54 | D        | Found an opulent altar of Gozag.
    55 | D        | Found a glowing golden altar of the Shining One.
    55 | D        | Found a glowing silver altar of Zin.
    55 | D        | Found a basalt altar of Yredelemnul.
    55 | D        | Found a shimmering altar of Xom.
    55 | D        | Found an ornate altar of the Wu Jian Council.
    55 | D        | Found a sacrificial altar of Ru.
    55 | D        | Found a stormy altar of Qazlal.
    55 | D        | Found an iron altar of Okawaru.
    55 | D        | Found a sparkling altar of Nemelex Xobeh.
    55 | D        | Found a burning altar of Makhleb.
    55 | D        | Found a blossoming altar of Fedhas.
    55 | D        | Found a white marble altar of Elyvilon.
    55 | D        | Found a shadowy altar of Dithmenos.
    55 | D        | Found a snail-covered altar of Cheibriados.
    57 | D        | Found a radiant altar of Vehumet.
    57 | D        | Found a corrupted altar of Lugonu.
    57 | D        | Found a roughly hewn altar of Beogh.
    58 | D        | Found a hide-covered altar of Uskayaw.
    58 | D        | Found an ancient bone altar of Kikubaaqudgha.
    58 | D        | Found a shattered altar of Ashenzari.
    66 | D        | Became a worshipper of the Wu Jian Council
   183 | D        | Noticed a floating eye
   183 | D        | Noticed a floating eye
   188 | D        | Killed a floating eye
   188 | D        | Reached skill level 5 in Unarmed Combat
   188 | D        | Reached XP level 3. HP: 31/31 MP: 4/8
   188 | D        | Reached XP level 4. HP: 38/38 MP: 5/10
   192 | D        | Killed a floating eye
   192 | D        | Reached skill level 5 in Dodging
   192 | D        | Reached skill level 6 in Unarmed Combat
   192 | D        | Reached skill level 5 in Spellcasting
   192 | D        | Reached XP level 5. HP: 46/46 MP: 6/12
   197 | D        | Learned a level 3 spell: Spider Form
   202 | D        | Learned a level 4 spell: Ice Form
   249 | D        | Reached * piety under Wu Jian
   261 | D        | Reached ** piety under Wu Jian
   271 | D        | Reached *** piety under Wu Jian
   274 | D        | Reached XP level 6. HP: 23/53 MP: 10/14
   277 | D        | Reached skill level 1 in Ice Magic
   280 | D        | Reached **** piety under Wu Jian
   280 | D        | Reached skill level 1 in Poison Magic
   491 | D        | Learned a level 5 spell: Blade Hands
   498 | D        | Reached ***** piety under Wu Jian
   498 | D        | Reached skill level 5 in Fighting
   498 | D        | Reached skill level 7 in Unarmed Combat
   498 | D        | Reached skill level 5 in Transmutations
   532 | D        | Your scales start taking on a golden yellow colour.
   532 | D        | Reached XP level 7. HP: 60/60 MP: 17/17
   808 | D        | Noticed a deep elf mage
   812 | D        | Killed a deep elf mage
   812 | D        | Reached skill level 5 in Stealth
   812 | D        | Reached skill level 8 in Unarmed Combat
   814 | D        | Noticed a two-headed ogre
   821 | D        | HP: 3/62 [two-headed ogre/giant club (3)]
   827 | D        | Slain by a two-headed ogre

Vault maps used:
D:        pitsprint

Skill      XL: |  1  2  3  4  5  6  7 |
---------------+----------------------+-----
Dodging        | 2 4 5 6 7 |  7.3
Fighting       | 3 4 5 6 |  6.0
Stealth        | 2 3 4 5 |  5.3
Unarmed Combat | 5 6 7 8 |  8.3
Spellcasting   | 4 5 6 7 |  7.6
Transmutations | 3 4 5 |  5.9
Ice Magic      | 2 3 |  3.5
Poison Magic   | 2 3 |  3.6

Action                   |  1- 3 |  4- 6 |  7- 9 || total
-------------------------+-------+-------+-------++-------
Melee: Unarmed           |     9 |    58 |    12 ||    79
       Kick              |     1 |       |       ||     1
       Headbutt          |     2 |     1 |       ||     3
       Tailslap          |     1 |     1 |     4 ||     6
       Punch             |       |       |     1 ||     1
 Cast: Beastly Appendage |     2 |       |       ||     2
       Spider Form       |       |     2 |     1 ||     3
       Ice Form          |       |     1 |       ||     1
       Blade Hands       |       |       |     1 ||     1
  Use: Potion            |       |       |     2 ||     2
 Stab: Sleeping          |       |     4 |     2 ||     6
Armor: Skin              |     2 |     3 |     1 ||     6
Dodge: Dodged            |       |    59 |    10 ||    69
